 Dungeon Crawl Stone Soup version 0.21.1-1-g345015f (webtiles) character file.

95 letownia2 the Changer (level 4, 0/33 HPs)
             Began as a Merfolk Transmuter on Mar 15, 2018.
             Slain by a sky beast (6 damage)
             ... on level 5 of the Dungeon.
             The game lasted 00:06:45 (898 turns).

letownia2 the Changer (Merfolk Transmuter)           Turns: 898, Time: 00:06:47

Health: 0/33       AC:  2    Str: 11    XL:     4   Next: 66%
Magic:  4/7        EV: 21    Int: 12    God:
Gold:   107        SH:  0    Dex: 19    Spells: 1/7 levels left

rFire    . . .     SeeInvis .     - Unarmed
rCold    . . .     Gourm    .   (shield currently unavailable)
rNeg     . . .     Faith    .   (armour currently unavailable)
rPois    x         Spirit   .   (helmet currently unavailable)
rElec    .         Reflect  .   (cloak currently unavailable)
rCorr    .         Harm     .   (gloves currently unavailable)
MR       .....                  (boots currently unavailable)
Stlth    ++........             (no amulet)
HPRegen  0.11/turn              (no ring)
MPRegen  0.10/turn              (no ring)

@: spider-form (expiring)
A: tiny, (change form in water), (swift swim), (stealthy swim)
a: End Transformation


You were on level 5 of the Dungeon.
You were not hungry.
You were a venomous arachnid creature.
You visited 1 branch of the dungeon, and saw 5 of its levels.

You collected 107 gold pieces.

Inventory:

Hand Weapons
 p - the cursed +2 mace of Tomorrow {vamp, rN+ MP+9 Str-3 Dex+2, unknown}
   (You found it on level 4 of the Dungeon)

   It inflicts no extra harm, but heals its wielder when it wounds a living foe.
   It affects your strength (-3).
   It affects your dexterity (+2).
   It protects you from negative energy.
   It affects your magic capacity (+9).
   It has a curse placed upon it.
Missiles
 a - 10 arrows
Armour
 b - a +0 robe (melded)
 e - a +0 leather armour
 i - a +0 pair of boots of stealth (melded)
 n - a +0 scale mail
 o - a +0 ring mail
Scrolls
 f - 5 scrolls of identify {unknown}
 g - a scroll of teleportation {unknown}
 h - 3 scrolls of remove curse {unknown}
 k - 2 scrolls of magic mapping {unknown}
 q - a scroll of enchant armour {unknown}
Potions
 j - a potion of heal wounds {unknown}
 l - a potion of curing {unknown}
Books
 c - a book of Changes

   Spells                             Type                      Level
   a - Beastly Appendage              Transmutation                1
   b - Sticks to Snakes               Transmutation                2
   c - Spider Form                    Transmutation/Poison         3
   d - Ice Form                       Ice/Transmutation            4
   e - Blade Hands                    Transmutation                5


   Skills:
 + Level 2.0 Fighting
 - Level 2.6 Dodging
 + Level 3.7 Unarmed Combat
 - Level 2.0 Spellcasting
 - Level 5.1 Transmutations
 - Level 1.2 Poison Magic


You had one spell level left.
You knew the following spells:

 Your Spells              Type           Power        Failure   Level  Hunger
a - Beastly Appendage     Tmut           ##....       11%         1    ##.....
l - Sticks to Snakes      Tmut           ##......     14%         2    ###....
p - Spider Form           Tmut/Pois      #.........   43%         3    ####...


Dungeon Overview and Level Annotations

Branches:
Dungeon (5/15)
 Temple: D:4-7

Altars:
Ashenzari
Dithmenos
Ru
Uskayaw
Yredelemnul
Zin


Message History

Your transformation is almost over.
The sky beast completely misses you.
You barely miss the sky beast. The sky beast hits you.
The sky beast shocks you.
You hit the sky beast.
The sky beast is poisoned.
The sky beast is lightly wounded.
The sky beast hits you. The sky beast shocks you.
You hit the sky beast but do no damage.
The sky beast is lightly wounded.
The sky beast closely misses you.
You hit the sky beast but do no damage.
The sky beast looks even sicker.
The sky beast is lightly wounded.
The sky beast hits you. The sky beast shocks you.
You bite the sky beast!
The sky beast looks as sick as possible!
The sky beast is heavily wounded.
The sky beast hits you.
* * * LOW HITPOINT WARNING * * *
The sky beast shocks you.
You die...

#.# # #.# .#
#.##.##.#
#(####.#......
#.....<.#
#######'###
########......>#
#..............#
#.$...Ys.......#
#........####..#
#.....<..# #.#
#........# .#
########## .. .#


You could see a sky beast.

Vanquished Creatures
  A worker ant (D:4)
  An adder (D:3)
  An adder skeleton (D:4)
  A dart slug (D:1)
  3 leopard geckos
  6 bats
  3 giant cockroaches
  3 hobgoblins
  4 jackals
  6 kobolds
  A ball python (D:3)
  9 frilled lizards
  9 goblins
  3 rats
51 creatures vanquished.

Vanquished Creatures (collateral kills)
  2 jackals (D:1)
2 creatures vanquished.

Grand Total: 53 creatures vanquished

Notes
Turn   | Place    | Note
-------+----------+-------------------------------------------
     0 | D:1      | letownia2 the Merfolk Transmuter began the quest for the Orb.
     0 | D:1      | Reached XP level 1. HP: 15/15 MP: 3/3
    43 | D:1      | Reached skill level 3 in Transmutations
    60 | D:1      | Reached XP level 2. HP: 6/21 MP: 3/5
   121 | D:1      | Learned a level 2 spell: Sticks to Snakes
   181 | D:1      | Reached XP level 3. HP: 5/27 MP: 4/6
   190 | D:1      | Learned a level 3 spell: Spider Form
   291 | D:2      | Reached skill level 1 in Poison Magic
   417 | D:3      | Found a basalt altar of Yredelemnul.
   466 | D:3      | Found a hide-covered altar of Uskayaw.
   564 | D:3      | Reached skill level 4 in Transmutations
   591 | D:3      | Reached XP level 4. HP: 12/33 MP: 0/7
   634 | D:4      | Found a shadowy altar of Dithmenos.
   688 | D:4      | Found a shattered altar of Ashenzari.
   727 | D:3      | Found a glowing silver altar of Zin.
   767 | D:3      | Reached skill level 5 in Transmutations
   772 | D:3      | Found a sacrificial altar of Ru.
   818 | D:5      | Entered Level 5 of the Dungeon
   866 | D:4      | Got a crystal mace
   887 | D:5      | Noticed a sky beast
   898 | D:5      | Slain by a sky beast

Skill      XL: |  1  2  3  4 |
---------------+-------------+-----
Transmutations | 3 4 5 |  5.1
Fighting       | 2 |  2.0
Poison Magic   | 1 |  1.2
Dodging        | |  2.6
Unarmed Combat | |  3.7
Spellcasting   | |  2.0

Action                   |  1- 3 |  4- 6 || total
-------------------------+-------+-------++-------
Melee: Unarmed           |   110 |    32 ||   142
       Headbutt          |    12 |       ||    12
       Punch             |     1 |       ||     1
 Cast: Beastly Appendage |    15 |       ||    15
       Spider Form       |     3 |     4 ||     7
       Sticks to Snakes  |     2 |       ||     2
 Stab: Sleeping          |     2 |       ||     2
  Eat: Chunk             |       |     2 ||     2
       Ration            |       |     1 ||     1
Armor: Robe              |    16 |       ||    16
       Skin              |     1 |     1 ||     2
Dodge: Dodged            |    68 |    31 ||    99
